 Dungeon Crawl Stone Soup version 0.26-a0-651-gb41185065b (webtiles) character file.

Game seed: 8796694323866307480

(classic levelgen) 65 EnegeticOcto the Covered (level 3, -2/34 HPs)
             Began as a Deep Dwarf Fighter on Oct 17, 2020.
             Splashed by a kobold's acid (11 damage)
             ... on level 3 of the Dungeon.
             The game lasted 00:00:26 (535 turns).

EnegeticOcto the Covered (Deep Dwarf Fighter)        Turns: 535, Time: 00:00:27

Health: -2/34      AC:  5    Str: 20    XL:     3   Next: 94%
Magic:  3/3        EV:  7    Int:  8    God:
Gold:   59         SH:  9    Dex: 12    Spells: 2/2 levels left

rFire    . . .     SeeInvis .   a - +0 war axe
rCold    . . .     Faith    .   c - +0 kite shield
rNeg     . . .     Spirit   .   b - +0 scale mail
rPois    .         Reflect  .   (no helmet)
rElec    .         Harm     .   (no cloak)
rCorr    .         Rampage  .   f - +0 pair of gloves
MR       .....                  j - +0 pair of boots
Stlth    ..........             (no amulet)
HPRegen  0.00/turn              (no ring)
MPRegen  0.08/turn              (no ring)

@: corroded, non-regenerating
A: damage resistance, heal wounds, sense surroundings 1, no regeneration
a: Heal Wounds


You were on level 3 of the Dungeon.
You visited 1 branch of the dungeon, and saw 3 of its levels.

You collected 59 gold pieces.

Inventory:

Hand Weapons
 a - a +0 war axe (weapon)
Armour
 b - a +0 scale mail (worn)
 c - a +0 kite shield (worn)
 f - a +0 pair of gloves (worn)
 j - a +0 pair of boots (worn)
Scrolls
 e - 3 scrolls of remove curse {unknown}
 g - a scroll of random uselessness {unknown}
 h - a scroll of fear {unknown}
Potions
 d - a potion of might {@q3}
 i - a potion of flight {unknown}


   Skills:
 + Level 3.1 Fighting
 * Level 3.4 Axes
 + Level 3.7 Armour
 + Level 3.7 Shields


You had 2 spell levels left.
You didn't know any spells.
Your spell library was empty.

Dungeon Overview and Level Annotations

Branches:
Dungeon (3/15)

Altars:


Innate Abilities, Weirdness & Mutations

You are resistant to damage.
You can heal yourself by infusing magical energy.
You passively map a small area around you.
You do not regenerate.


Message History

An adder is nearby!
An adder is nearby!
You miss the adder. The adder barely misses you. You block the adder's attack.
You hit the adder.
The adder is moderately wounded.
The adder closely misses you. You block the adder's attack.
You miss the adder.
The adder is moderately wounded.
The adder bites you but does no damage.
You slash the adder!
You kill the adder!
No target in view!
No target in view!
No target in view!
No target in view!
No target in view!
No target in view!
No target in view!
You see here an adder corpse.
You open the door.
Found a pair of boots.
There is an open door here.
i - a brown potion You open the door.
A worm comes into view.
A worm is nearby!
There is an open door here.
The worm bites you.
You slash the worm!
The worm is heavily wounded.
The worm bites you!
You slash the worm!
The worm is almost dead.
The worm barely misses you.
You hit the worm.
The worm is almost dead.
You hit the worm.
You kill the worm!
No target in view!
No target in view!
No target in view!
No target in view!
No target in view!
No target in view!
No target in view!
No target in view!
No target in view!
No target in view!
No target in view!
No target in view!
No target in view!
There is an open door here.
You see here a pair of boots.
You start putting on your armour.
You continue putting on your pair of boots. x4
You finish putting on your +0 pair of boots.
(D) Dungeon
Where to? (Enter - D:3, ? - help) Sorry, I don't know how to get there.
There is an open door here.
Found a kite shield.
A frilled lizard comes into view.
A frilled lizard is nearby!
A frilled lizard is nearby!
The frilled lizard bites you.
You slash the frilled lizard!
You kill the frilled lizard!
No target in view!
No target in view!
No target in view!
No target in view!
No target in view!
No target in view!
No target in view!
No target in view!
No target in view!
No target in view!
No target in view!
Found a stone staircase leading down.
Found a stone staircase leading up.
As you open the door, it creaks loudly!
There is an open door here.
There is an open door here.
You now have 59 gold pieces (gained 20).
A kobold comes into view. It is carrying a wand of acid (5).
The kobold shouts!
The kobold throws a stone.
The stone closely misses you.
A kobold is nearby!
Your scale mail prevents you from hitting the kobold.
The kobold hits you but does no damage.
You hit the kobold.
The kobold is moderately wounded.
The kobold zaps a wand.
The bolt of acid misses you.
You miss the kobold.
The kobold is moderately wounded.
You block the kobold's attack.
The kobold zaps a wand.
The bolt of acid hits you!
* * * LOW HITPOINT WARNING * * *
The acid corrodes you!
You are splashed with acid!
You die...

##...######## #.....#
#.#* * ##...## #.. , *
##.## #.# , #.# #.# ,
#.# #.## ##'## #..#
##...## #K.# * #.....##
####@.###.# .......##
##.##......#
........####.......####
........'......(...#
........####...#####
.......## ##.##
#.....## #.# ##...##
#.# ##'## #.#


You could see a kobold.

Vanquished Creatures
  An orc wizard (D:3)
  An adder (D:3)
  A worm (D:3)
  A dart slug (D:3)
  4 orcs (D:3)
  A ball python (D:3)
  A giant cockroach (D:3)
  2 goblins (D:2)
  3 hobgoblins
  3 jackals (D:2)
  2 kobolds
  A frilled lizard (D:3)
21 creatures vanquished.

Notes
Turn   | Place    | Note
-------+----------+-------------------------------------------
     0 | D:1      | EnegeticOcto the Deep Dwarf Fighter began the quest for the
                  | Orb.
     0 | D:1      | Reached XP level 1. HP: 20/20 MP: 1/1
   179 | D:2      | Reached XP level 2. HP: 24/27 MP: 2/2
   306 | D:3      | Reached XP level 3. HP: 34/34 MP: 3/3
   535 | D:3      | Splashed by a kobold's acid

Illustrated notes

Levels and vault maps discovered:
D:1:      lightli_arrival_flooded_house, layout_loops_ring
D:2:      layout_basic, lemuel_round_altar, nicolae_overflow_crystal_walls
D:3:      layout_loops_corners, st_stairs_3

Skill      XL: |  1  2 |
---------------+-------+-----
Fighting       | 3 |  3.1
Axes           | 3 |  3.4
Armour         | |  3.7
Shields        | |  3.7

Action                   || total
-------------------------++-------
Melee: War axe           ||    53
 Abil: Heal Wounds       ||     1
Armor: Scale mail        ||    25
Dodge: Dodged            ||    23
Block: Kite shield       ||    27

Table legend: (Time is in decaauts)
 A = Elapsed time spent in this place.
 B = Non-inter-level travel time spent in this place.
 C = Inter-level travel time spent in this place.
 D = Time resting spent in this place.
 E = Time spent auto-exploring this place.
 F = Levels seen in this place.
 G = Mean time per level.
                   A        B        C        D        E       F      G
               +--------+--------+--------+--------+--------+-----+--------+
         Total |    558 |    545 |     13 |      0 |    373 |   3 |  186.0 |
       Dungeon |    558 |    545 |     13 |      0 |    373 |   3 |  186.0 |
               +--------+--------+--------+--------+--------+-----+--------+

Top non-repeatable levels by time:
     D:3: 329 daAuts
     D:1: 128 daAuts
     D:2: 100 daAuts
